 Dungeon Crawl Stone Soup version 0.29.1-1-gd02db6906a (webtiles) character file.

Game seed: 13237498304078800466

53 MisterFreud the Covert (level 3, -3/35 HPs)
             Began as a Gnoll Delver on Oct 2, 2022.
             Slain by a human zombie (7 damage)
             ... in an ossuary.
             The game lasted 00:02:20 (793 turns).

MisterFreud the Covert (Gnoll Delver)                Turns: 793, Time: 00:02:21

Health: -3/35      AC:  3    Str: 11    XL:     3   Next: 89%
Magic:  4/4        EV: 13    Int: 11    God:
Gold:   16         SH:  0    Dex: 13    Spells: 4/4 levels left

rFire   . . .      SeeInvis .   a - +0 short sword
rCold   . . .      Faith    .   (no shield)
rNeg    . . .      Spirit   .   b - +0 leather armour
rPois   .          Reflect  .   (no helmet)
rElec   .          Harm     .   (no cloak)
rCorr   .          Rampage  .   (no gloves)
Will    .....                   (no boots)
Stlth   ++++......              (no amulet)
HPRegen 0.11/turn               (no ring)
MPRegen 0.09/turn               (no ring)

@: no status effects
A: fangs 1, strong nose, distributed training
a: no special abilities


You were in an ossuary.
You visited 1 branch of the dungeon, and saw 2 of its levels.
You also visited: Ossuary.

You collected 16 gold pieces.

Inventory:

Hand Weapons
 a - a +0 short sword (weapon)
Armour
 b - a +0 leather armour (worn)
Wands
 g - a wand of digging (3)
Scrolls
 c - a scroll of fog
 d - a scroll of magic mapping
 e - a scroll of fear
Potions
 f - a potion of haste


   Skills:
 + Level 6.5 Fighting
 + Level 4.6 Short Blades
 + Level 1.0 Long Blades
 + Level 1.0 Axes
 + Level 1.0 Maces & Flails
 + Level 1.0 Polearms
 + Level 1.0 Staves
 + Level 1.0 Ranged Weapons
 + Level 1.0 Throwing
 + Level 1.0 Armour
 + Level 4.6 Dodging
 + Level 9.6 Stealth
 + Level 1.0 Shields
 + Level 1.0 Unarmed Combat
 + Level 1.0 Spellcasting
 + Level 0.7 Conjurations
 + Level 0.7 Hexes
 + Level 0.7 Summonings
 + Level 0.7 Necromancy
 + Level 0.7 Translocations
 + Level 0.7 Transmutations
 + Level 0.7 Fire Magic
 + Level 0.7 Ice Magic
 + Level 0.7 Air Magic
 + Level 0.7 Earth Magic
 + Level 0.7 Poison Magic
 + Level 1.1 Invocations
 + Level 1.0 Evocations


You had 4 spell levels left.
You didn't know any spells.
Your spell library was empty.

Dungeon Overview and Level Annotations

Branches:
Dungeon (6/15)             Temple (0/1) D:6         Ossuary (1/1)

Altars:


Innate Abilities, Weirdness & Mutations

You have very sharp teeth.
Your uncanny sense of smell can sniff out nearby items.
Your experience applies equally to all skills.


Message History

You hit the human zombie.
The human zombie is moderately damaged.
You hit the human zombie but do no damage.
You bite the human zombie.
The human zombie is moderately damaged.
The human zombie hits you.
You hit the human zombie.
The human zombie is moderately damaged.
The human zombie hits you.
You barely miss the human zombie.
The human zombie is moderately damaged.
You hit the human zombie but do no damage.
You bite the human zombie, but do no damage.
The human zombie is moderately damaged.
The human zombie hits you.
You hit the human zombie.
The human zombie is heavily damaged.
The human zombie closely misses you.
You barely miss the human zombie.
The human zombie is heavily damaged.
You barely miss the human zombie.
The human zombie is heavily damaged.
The human zombie hits you.
You hit the human zombie but do no damage.
The human zombie is heavily damaged.
The human zombie hits you.
You closely miss the human zombie.
The human zombie is heavily damaged.
The human zombie hits you.
* * * LOW HITPOINT WARNING * * *
You hit the human zombie.
The human zombie is heavily damaged.
You hit the human zombie but do no damage.
The human zombie is heavily damaged.
The human zombie hits you.
* * * LOW HITPOINT WARNING * * *
You hit the human zombie.
The human zombie is heavily damaged.
The human zombie hits you!
You die...

###################
#.........∩∩.......
#..........M.....M.
#...##############.
#..Z# ∆ #. #.@.# #.
#...# #. #...#
...∩.# #. #...#
....# #. #...#
....# #. #...#
...## #. #...# ....
#. #...# #.^# #.
#...# ∆∆#..# #.


You could see a human zombie.

Vanquished Creatures
  A centaur zombie (Ossuary)
  An adder zombie (Ossuary)
  6 hobgoblin zombies (Ossuary)
  A jackal zombie (Ossuary)
  10 kobold zombies (Ossuary)
  11 orc zombies (Ossuary)
30 creatures vanquished.

Vanquished Creatures (others)
  6 plants (D:5)
6 creatures vanquished.

Grand Total: 36 creatures vanquished

Notes
Turn   | Place    | Note
-------+----------+-------------------------------------------
     0 | D:5      | Reached skill level 9 in Stealth
     0 | D:5      | MisterFreud the Gnoll Delver began the quest for the Orb.
     0 | D:5      | Reached XP level 1. HP: 23/23 MP: 1/1
    14 | D:6      | Noticed a black bear
    14 | D:6      | Noticed an orc wizard
    14 | D:6      | Found a staircase to the Ecumenical Temple.
   101 | D:5      | Found a sand-covered staircase.
   102 | D:5      | Noticed a bullfrog
   112 | Ossuary  | Entered an ossuary
   374 | Ossuary  | Reached XP level 2. HP: 29/29 MP: 2/2
   585 | Ossuary  | Reached skill level 1 in Long Blades
   585 | Ossuary  | Reached skill level 1 in Axes
   585 | Ossuary  | Reached skill level 1 in Maces & Flails
   585 | Ossuary  | Reached skill level 1 in Polearms
   585 | Ossuary  | Reached skill level 1 in Staves
   585 | Ossuary  | Reached skill level 1 in Ranged Weapons
   585 | Ossuary  | Reached skill level 1 in Throwing
   585 | Ossuary  | Reached skill level 1 in Armour
   585 | Ossuary  | Reached skill level 1 in Shields
   585 | Ossuary  | Reached skill level 1 in Unarmed Combat
   585 | Ossuary  | Reached skill level 1 in Spellcasting
   585 | Ossuary  | Reached skill level 1 in Invocations
   585 | Ossuary  | Reached skill level 1 in Evocations
   585 | Ossuary  | Reached XP level 3. HP: 14/35 MP: 2/4
   793 | Ossuary  | Slain by a human zombie

Illustrated notes

Levels and vault maps discovered:
D:5:      layout_basic, mainiacjoe_overflow_boulevard,
          nicolae_ossuary_entry_monument
D:6:      minmay_general_purpose_star, layout_rooms, temple_statues,
          uniq_grinder, uniq_maggie, uniq_menkaure
Ossuary:  ossuary_tomb_1

Skill      XL: |  1  2 |
---------------+-------+-----
Stealth        | |  9.6
Long Blades    | 1 |  1.0
Axes           | 1 |  1.0
Maces & Flails | 1 |  1.0
Polearms       | 1 |  1.0
Staves         | 1 |  1.0
Ranged Weapons | 1 |  1.0
Throwing       | 1 |  1.0
Armour         | 1 |  1.0
Shields        | 1 |  1.0
Unarmed Combat | 1 |  1.0
Spellcasting   | 1 |  1.0
Invocations    | 1 |  1.1
Evocations     | 1 |  1.0
Fighting       | |  6.5
Short Blades   | |  4.6
Dodging        | |  4.6
Conjurations   | |  0.7
Hexes          | |  0.7
Summonings     | |  0.7
Necromancy     | |  0.7
Translocations | |  0.7
Transmutations | |  0.7
Fire Magic     | |  0.7
Ice Magic      | |  0.7
Air Magic      | |  0.7
Earth Magic    | |  0.7
Poison Magic   | |  0.7

Action                   || total
-------------------------++-------
Melee: Short sword       ||   168
       Bite              ||    27
       Punch             ||     1
 Stab: Sleeping          ||     4
Armor: Leather armour    ||    61
Dodge: Dodged            ||   112
